 Dungeon Crawl Stone Soup version 0.20.0-15-g7f486f2 (webtiles) character file.

16329 vishdafish the Blocker (level 12, -1/75 HPs)
             Began as a Gargoyle Fighter on June 21, 2017.
             Was a High Priest of Okawaru.
             Slain by a two-headed ogre
             ... wielding a +0 giant club
              (11 damage)
             ... on level 1 of the Orcish Mines.
             The game lasted 00:39:15 (13768 turns).

vishdafish the Blocker (Gargoyle Fighter)          Turns: 13768, Time: 00:39:15

Health: -1/75      AC: 18    Str: 26    XL:     12   Next: 36%
Magic:  12/12      EV: 12    Int: 11    God:    Okawaru [*****.]
Gold:   1003       SH: 16    Dex: 11    Spells: 11/11 levels left

rFire    . . .     SeeInvis +   Q - +1 demon whip (venom)
rCold    . . .     Gourm    .   c - +0 shield
rNeg     + . .     Faith    .   b - +0 scale mail
rPois    ∞         Spirit   .   H - +0 hat {Int+3}
rElec    +         Reflect  +   (no cloak)
rCorr    .         Harm     .   I - +0 pair of gloves
MR       .....                  (no boots)
Stlth    ..........             o - +3 amulet of reflection
Regen    0.3/turn               C - ring of see invisible
MPRegen  0.2/turn               j - +2 ring of strength

@: no status effects
A: negative energy resistance 1, electricity resistance, unbreathing,
petrification resistance, rot immunity, AC +8
a: Heroism, Finesse, Renounce Religion


You were on level 1 of the Orcish Mines.
You worshipped Okawaru.
Okawaru was extremely pleased with you.
You were not hungry.

You visited 2 branches of the dungeon, and saw 14 of its levels.
You also visited: Sewer.

You collected 1003 gold pieces.

Inventory:

Hand Weapons
 a - a +0 flail
 p - a +0 morningstar
 E - a +1 whip of flaming
 Q - a +1 demon whip of venom (weapon)
Missiles
 d - 4 steel javelins (quivered)
Armour
 b - a +0 scale mail (worn)
 c - a +0 shield (worn)
 q - a +0 cloak
 H - a +0 hat of intelligence (worn)
 I - a +0 pair of gloves (worn)
Jewellery
 j - a +2 ring of strength (right hand)
 o - a +3 amulet of reflection (around neck)
 A - a cursed -5 ring of intelligence {unknown}
 C - a ring of see invisible (left hand)
Wands
 w - a wand of disintegration (0/24)
 y - a wand of iceblast (10/15)
 z - a wand of acid (0/15)
 B - a wand of clouds (6/9)
 K - a wand of acid (0/15)
 M - a wand of enslavement (13/24)
 R - a wand of lightning (8/15)
Scrolls
 f - 4 scrolls of enchant weapon {unknown}
 g - 3 scrolls of teleportation
 k - 4 scrolls of remove curse
 m - a scroll of blinking
 n - 2 scrolls of fear
 s - 2 scrolls of recharging {unknown}
 u - 2 scrolls of magic mapping
 x - a scroll of fog {unknown}
 F - a scroll of enchant armour {unknown}
 N - a scroll of immolation {unknown}
Potions
 e - 6 potions of flight
 t - a potion of agility
 D - a potion of lignification
Books
 v - a book of Minor Magic

   Spells                             Type                      Level
   a - Magic Dart                     Conjuration                  1
   b - Blink                          Translocation                2
   c - Call Imp                       Summoning                    2
   d - Slow                           Hexes                        2
   e - Conjure Flame                  Conjuration/Fire             3
   f - Mephitic Cloud                 Conjuration/Poison/Air       3
 G - a book of Beasts

   Spells                             Type                      Level
   a - Summon Butterflies             Summoning                    1
   b - Call Canine Familiar           Summoning                    3
   c - Summon Ice Beast               Ice/Summoning                4
   d - Summon Mana Viper              Hexes/Summoning              5
   e - Summon Hydra                   Summoning                    7
 O - a book of Flames

   Spells                             Type                      Level
   a - Flame Tongue                   Conjuration/Fire             1
   b - Throw Flame                    Conjuration/Fire             2
   c - Conjure Flame                  Conjuration/Fire             3
   d - Inner Flame                    Hexes/Fire                   3
   e - Sticky Flame                   Conjuration/Fire             4
   f - Fireball                       Conjuration/Fire             5
 P - a book of Misfortune

   Spells                             Type                      Level
   a - Confusing Touch                Hexes                        1
   b - Confuse                        Hexes                        3
   c - Gell's Gravitas                Translocation                3
   d - Petrify                        Transmutation/Earth          4
   e - Metabolic Englaciation         Hexes/Ice                    5
   f - Yara's Violent Unravelling     Hexes/Transmutation          5
Comestibles
 i - 4 bread rations
 l - a royal jelly
 J - a meat ration


   Skills:
 + Level 8.3 Fighting
 + Level 11.1 Maces & Flails
 + Level 8.4 Armour
 + Level 5.2 Dodging
 - Level 1.0 Stealth
 + Level 12.8 Shields
 + Level 0.8 Evocations


You had 11 spell levels left.
You didn't know any spells.

Dungeon Overview and Level Annotations

Branches:
Dungeon (12/15)            Temple (0/1) D:7            Lair (0/6) D:8
    Orc (2/2) D:11            Elf (0/3) Orc:2

Altars:
Hepliaklqana
Okawaru
Sif Muna
Trog
Vehumet
Beogh

Shops:
D:7 :   D:8 *   Orc:2 !

Portals:
Trove: D:10 (show abyssal rune of Zot)

Annotations:
Orc:1 Erolcha; Nergalle
Orc:2 NoNouf's ghost, journeyman GrFi


Innate Abilities, Weirdness & Mutations

You are resistant to torment.
Your stone body is resilient. (AC +8)
You are immune to poison.
You resist negative energy. (rN+)
You are resistant to electric shocks. (rElec)
You can survive without breathing.
You are immune to petrification.
You are immune to rotting.


Message History

a +0 troll leather armour; a troll skeleton Cornered, the troll turns to fight!
You thrash the two-headed ogre!!
The two-headed ogre looks as sick as possible!
Your attack snaps the two-headed ogre out of its fear.
The two-headed ogre is moderately wounded.
The two-headed ogre hits you with a giant club!
* * * LOW HITPOINT WARNING * * *
You block the two-headed ogre's attack.
You hit the two-headed ogre.
The two-headed ogre looks as sick as possible!
The two-headed ogre is heavily wounded.
The orc gibbers meaninglessly.
You closely miss the two-headed ogre.
The two-headed ogre is heavily wounded.
You whack the two-headed ogre!
The two-headed ogre looks as sick as possible!
The two-headed ogre is severely wounded.
The two-headed ogre hits you with a giant club!
You die...

....##.........#.##.......##
....###....(..#####......#.#
...###........o#.##...o.#######
.....#............#......# #..##
.................##......# #...#
...)......#..#.........### #.)##
.)#)......#####......#.# #..o.#.
##[[......## #O.)[[#######.)..#.
...........## #.@[T[.###.#T......
............# ###[#####...o......
............### ##.####T.........
...#.....)....###...#...>....###.
...###.#.......###.###......##...
....#####....### ### #.....#####.
....##.......# #....## ##
....#........# ##.... #...
#............# ...... #...


You could see a two-headed ogre, a troll and 2 orcs.

Vanquished Creatures
  Gastronok (D:10)
  An ettin (D:11)
  A hydra (D:10)
  A two-headed ogre (D:11)
  Sonja (D:10)
  A skeletal warrior (D:11)
  An unseen horror (D:8)
  Pikel (D:7)
  The ghost of Paps the Slasher, a novice DsBe of Trog (D:6)
  An orc knight (D:11)
  3 yaktaurs (D:11)
  A komodo dragon (D:11)
  3 trolls
  2 hippogriffs
  A wyvern (D:11)
  A wraith (D:10)
  The ghost of yogakurto the Stinger, an amateur HOVM (D:3)
  A steam dragon (D:11)
  3 hungry ghosts
  Menkaure (D:6)
  A soldier ant (D:10)
  3 ice beasts
  20 orc warriors
  3 sky beasts
  A black bear (D:11)
  A phantom (D:7)
  11 ogres
  4 centaurs
  A big kobold (D:8)
  3 bullfrogs
  A wyvern zombie (D:10)
  2 scorpions
  13 killer bees
  3 wights (D:9)
  A howler monkey (D:8)
  3 crimson imps
  10 orc priests
  6 hounds
  4 jellies
  16 orc wizards
  A bullfrog skeleton (D:5)
  An iguana (D:10)
  7 worker ants
  A hound skeleton (D:11)
  3 gnolls (D:11)
  20 adders
  A shadow imp (D:7)
  2 oozes
  2 adder skeletons (D:4)
  6 worms
  A dart slug (D:3)
  2 leopard geckos
  55 orcs
  7 ball pythons
  15 bats
  6 giant cockroaches
  4 goblins
  9 hobgoblins
  10 jackals
  13 kobolds
  9 quokkas
  7 frilled lizards
  A jackal zombie (D:5)
  A leopard gecko skeleton (D:5)
  A quokka skeleton (D:5)
  13 rats
332 creatures vanquished.

Vanquished Creatures (others)
  A wizard (D:6)
  A yaktaur (D:11)
  A scorpion (D:7)
  An orc wizard (D:7)
  An orc (D:7)
5 creatures vanquished.

Grand Total: 337 creatures vanquished

Notes
Turn   | Place    | Note
-------+----------+-------------------------------------------
     0 | D:1      | vishdafish the Gargoyle Fighter began the quest for the Orb.
     0 | D:1      | Reached XP level 1. HP: 14/14 MP: 1/1
    44 | D:1      | Reached XP level 2. HP: 14/19 MP: 2/2
   433 | D:1      | Reached XP level 3. HP: 23/23 MP: 3/3
   998 | D:2      | Found a faded altar of an unknown god.
  1188 | D:2      | Reached XP level 4. HP: 28/28 MP: 4/4
  1257 | D:2      | Reached skill level 4 in Shields
  1840 | D:3      | Found a glowing drain.
  1884 | Sewer    | Entered a sewer
  1892 | Sewer    | Reached XP level 5. HP: 26/32 MP: 5/5
  2609 | D:3      | Noticed yogakurto's ghost (amateur HOVM)
  2617 | D:3      | Killed yogakurto's ghost
  2617 | D:3      | Reached skill level 1 in Dodging
  2617 | D:3      | Reached XP level 6. HP: 38/38 MP: 6/6
  3082 | D:3      | Found a hazy altar of Hepliaklqana.
  3187 | D:4      | Reached skill level 5 in Shields
  3870 | D:4      | Reached XP level 7. HP: 42/43 MP: 7/7
  4187 | D:5      | Entered Level 5 of the Dungeon
  4343 | D:5      | Reached skill level 1 in Stealth
  4366 | D:5      | Found an iron altar of Okawaru.
  4371 | D:5      | Found a radiant altar of Vehumet.
  4377 | D:5      | Became a worshipper of Warmaster Okawaru
  4742 | D:5      | Reached skill level 5 in Maces & Flails
  5269 | D:6      | Noticed Menkaure
  5276 | D:6      | Killed Menkaure
  5276 | D:6      | Reached skill level 6 in Shields
  5556 | D:6      | Reached * piety under Okawaru
  5556 | D:6      | Reached skill level 5 in Armour
  5556 | D:6      | Reached XP level 8. HP: 9/48 MP: 8/8
  5967 | D:6      | Noticed Paps's ghost (novice DsBe)
  5983 | D:6      | Killed Paps's ghost
  5983 | D:6      | Reached ** piety under Okawaru
  5983 | D:6      | Reached skill level 7 in Shields
  6089 | D:6      | Found a bloodstained altar of Trog.
  6090 | D:6      | Noticed a wizard
  6095 | D:6      | Killed a wizard
  6205 | D:6      | Reached skill level 5 in Fighting
  6355 | D:7      | Reached XP level 9. HP: 54/54 MP: 9/9
  6653 | D:7      | Found a staircase to the Ecumenical Temple.
  6696 | D:7      | Reached *** piety under Okawaru
  6696 | D:7      | Reached skill level 8 in Shields
  7237 | D:7      | Noticed Pikel
  7248 | D:7      | Killed Pikel
  7309 | D:7      | Found Qiebo's Book Shop.
  7502 | D:8      | Found a staircase to the Lair.
  7760 | D:8      | Reached skill level 9 in Shields
  7785 | D:8      | Reached XP level 10. HP: 60/60 MP: 10/10
  8274 | D:8      | Reached **** piety under Okawaru
  8341 | D:8      | Noticed an unseen horror
  8403 | D:8      | Killed an unseen horror
  8511 | D:8      | Found Ottuor Cael's General Store.
  8651 | D:9      | Found a deep blue altar of Sif Muna.
  8704 | D:9      | Identified Sif Muna's Grimoire of Evil Rites
  8706 | D:10     | Entered Level 10 of the Dungeon
  8752 | D:10     | Noticed Sonja
  9088 | D:10     | Killed Sonja
  9088 | D:10     | Reached skill level 10 in Shields
  9193 | D:10     | Noticed Gastronok
  9222 | D:10     | Killed Gastronok
  9222 | D:10     | Reached ***** piety under Okawaru
  9222 | D:10     | Received a gift from Okawaru
  9222 | D:10     | Reached XP level 11. HP: 66/66 MP: 11/11
  9312 | D:10     | Reached skill level 11 in Shields
  9369 | D:10     | Found a portal to a secret trove of treasure.
  9549 | D:10     | Noticed a four-headed hydra
  9565 | D:10     | Killed a four-headed hydra
  9917 | D:10     | Received a gift from Okawaru
  9918 | D:10     | Got a polished spear {god gift}
  9919 | D:10     | Identified the +4 spear of Goalul {pierce, rF+} (Okawaru gifted it to you on level 10 of the Dungeon)
 10121 | D:11     | Noticed a two-headed ogre
 10127 | D:11     | Killed a two-headed ogre
 10127 | D:11     | Reached skill level 10 in Maces & Flails
 10564 | D:11     | Found a staircase to the Orcish Mines.
 10866 | D:11     | Found a roughly hewn altar of Beogh.
 11258 | D:11     | Received a gift from Okawaru
 11493 | Orc:1    | Entered Level 1 of the Orcish Mines
 11519 | D:11     | Reached skill level 12 in Shields
 11754 | Orc:1    | Noticed an ettin
 11754 | Orc:1    | Noticed an orc knight
 11962 | D:11     | Noticed a skeletal warrior
 11978 | D:11     | Killed a skeletal warrior
 12024 | D:11     | Killed an orc knight
 12024 | D:11     | Reached XP level 12. HP: 67/73 MP: 12/12
 12249 | D:11     | Reached skill level 5 in Dodging
 12420 | D:11     | Killed an ettin
 12420 | D:11     | Reached ****** piety under Okawaru
 12420 | D:11     | Received a gift from Okawaru
 12421 | D:11     | Got a jewelled cloak {god gift}
 12432 | D:11     | Identified the -5 cloak "Siginti" {Str-2 Dex+6} (Okawaru gifted it to you on level 11 of the Dungeon)
 12911 | Orc:1    | You fall through a shaft!
 12911 | Orc:2    | Entered Level 2 of the Orcish Mines
 13077 | Orc:2    | Found a staircase to the Elven Halls.
 13080 | Orc:2    | Found Migrapp's Distillery.
 13080 | Orc:2    | Noticed NoNouf's ghost (journeyman GrFi)
 13081 | Orc:2    | Noticed a two-headed ogre
 13084 | Orc:2    | Noticed a two-headed ogre
 13086 | Orc:2    | Noticed a two-headed ogre
 13086 | Orc:2    | Noticed a two-headed ogre
 13087 | Orc:2    | Noticed an ogre mage
 13129 | Orc:1    | Noticed Nergalle
 13130 | Orc:1    | Noticed Erolcha
 13482 | Orc:2    | Noticed a two-headed ogre
 13768 | Orc:1    | Slain by a two-headed ogre

Skill      XL: |  1  2  3  4  5  6  7  8  9 10 11 12 |
---------------+-------------------------------------+-----
Shields        | 4 5 6 7 9 10 12 | 12.8
Maces & Flails | 3 4 5 6 8 9 10 11 | 11.1
Armour         | 4 5 6 7 8 |  8.4
Dodging        | 1 2 3 4 5 |  5.2
Fighting       | 4 5 6 7 8 |  8.3
Stealth        | 1 |  1.0
Evocations     | |  0.8

Action                   |  1- 3 |  4- 6 |  7- 9 | 10-12 || total
-------------------------+-------+-------+-------+-------++-------
Melee: Flail             |   140 |   267 |       |       ||   407
       Morningstar       |       |    43 |   270 |       ||   313
       Whip              |       |       |    72 |   743 ||   815
       Demon whip        |       |       |       |   289 ||   289
Evoke: Wand              |       |       |       |    10 ||    10
  Use: Potion            |       |     1 |     2 |    10 ||    13
       Scroll            |       |     5 |     7 |    14 ||    26
  Eat: Bread ration      |     1 |     1 |     1 |     1 ||     4
       Meat ration       |       |     1 |     1 |     3 ||     5
       Royal jelly       |       |       |     1 |       ||     1
       Chunk             |       |       |       |     1 ||     1
       Fruit             |       |       |       |    11 ||    11
Armor: Scale mail        |    91 |   201 |   160 |   283 ||   735
Dodge: Dodged            |    44 |   126 |   120 |   264 ||   554
Block: Shield            |    86 |   247 |   279 |   746 ||  1358
       Reflection        |       |       |     3 |    15 ||    18
